 Dungeon Crawl Stone Soup version 0.29.1-15-g9cfb28693d (webtiles) character file.

Game seed: 12151814262496265816

8 melkoren the Slasher (level 2, -2/22 HPs)
             Began as a Demonspawn Gladiator on Mar 13, 2023.
             Slain by a rat (3 damage)
             ... on level 1 of the Dungeon.
             The game lasted 00:01:30 (651 turns).

melkoren the Slasher (Demonspawn Gladiator)          Turns: 651, Time: 00:01:30

Health: -2/22      AC:  4    Str: 14    XL:     2   Next: 0%
Magic:  2/2        EV: 12    Int:  9    God:
Gold:   42         SH:  0    Dex: 14    Spells: 1/1 levels left

rFire   . . .      SeeInvis .   h - +1 dagger (elec)
rCold   . . .      Faith    .   (no shield)
rNeg    . . .      Spirit   .   b - +0 leather armour
rPois   .          Reflect  .   c - +0 helmet
rElec   .          Harm     .   (no cloak)
rCorr   .          Rampage  .   (no gloves)
Will    .....                   (no boots)
Stlth   +.........              (no amulet)
HPRegen 0.07/turn               (no ring)
MPRegen 0.08/turn               (no ring)

@: no status effects
A: powered by pain 1
a: no special abilities


You were on level 1 of the Dungeon.
You visited 1 branch of the dungeon, and saw 1 of its levels.

You collected 42 gold pieces.

Inventory:

Hand Weapons
 a - a +0 long sword
 h - a +1 dagger of electrocution (weapon)
Missiles
 d - 3 throwing nets (quivered)
 e - a javelin
Armour
 b - a +0 leather armour (worn)
 c - a +0 helmet (worn)
Scrolls
 g - a scroll of fog {unknown}
Potions
 f - a potion of lignification {unknown}


   Skills:
 + Level 2.1 Fighting
 * Level 2.9 Long Blades
 - Level 1.7 Throwing
 + Level 0.3 Armour
 + Level 2.8 Dodging


You had one spell level left.
You didn't know any spells.
Your spell library was empty.

Dungeon Overview and Level Annotations

Branches:
Dungeon (1/15)

Altars:


Innate Abilities, Weirdness & Mutations

You sometimes gain a little power by taking damage.


Message History

The kobold barely misses you.
You closely miss the kobold. The kobold closely misses you.
You barely miss the kobold. The kobold closely misses you.
You slash the kobold!
You kill the kobold!
You have reached level 2!
Your demonic ancestry asserts itself...
You feel energised by your suffering.
You see here a +1 dagger of electrocution.
h - a +1 dagger of electrocution You hear the crackle of electricity.
h - a +1 dagger of electrocution (weapon)
Unknown command.
You now have 42 gold pieces (gained 15).
An endoplasm and a gnoll come into view.
The gnoll shouts!
You hear a shout!
The gnoll moves out of view.
An endoplasm is nearby!
An endoplasm is nearby!
A rat and a goblin come into view.
The goblin shouts!
A rat and an endoplasm come into view.
The endoplasm quivers.
The rat twitches its whiskers.
Found a scroll labelled XEDOUPT UCEKHLA.
The endoplasm hits you. The gnoll hits you with a +0 club!
You hit the gnoll.
The gnoll is lightly wounded.
The endoplasm closely misses you. The gnoll completely misses you.
The rat misses you.
You closely miss the gnoll.
The gnoll is lightly wounded.
A goblin comes into view. It is wielding a +0 dagger.
The endoplasm hits you. The gnoll misses you. The rat bites you.
The goblin hits you with a +0 dagger. The rat barely misses you.
The gnoll attacks as you move away! The gnoll hits you with a +0 club.
* * * LOW HITPOINT WARNING * * *
The goblin attacks as you move away! The goblin hits you with a +0 dagger.
* * * LOW HITPOINT WARNING * * *
The rat bites you.
You die...

.# #....?.... . #..g...... # #.
#........ .#### #.###.......
####....###.........#
....................# .†.#
.....?.g...# ...### ##..#.rJ#.#
~~...# ....#Jr@#.# ~~...##
....+...#.############ ≈≈....##
...##...#............# ≈≈.....#
...##...#..#####.#.#.#.#
≈≈...#.##...####.#..###..........
≈~...#..............#...#.##+##.#
≈~.....##...#######.#.##..#
≈~.....# #### ..#...#.+
≈≈...#.##### ########...#


You could see 2 endoplasms, 2 goblins and 2 rats.

Vanquished Creatures
  2 bats (D:1)
  An endoplasm (D:1)
  A quokka (D:1)
  A ball python (D:1)
  A frilled lizard (D:1)
  A kobold (D:1)
  A rat (D:1)
8 creatures vanquished.

Notes
Turn   | Place    | Note
-------+----------+-------------------------------------------
     0 | D:1      | melkoren the Demonspawn Gladiator began the quest for the
                  | Orb.
     0 | D:1      | Reached XP level 1. HP: 16/16 MP: 1/1
   509 | D:1      | Gained mutation: You sometimes gain a little power by
                  | taking damage. [demonic ancestry]
   509 | D:1      | Reached XP level 2. HP: 13/22 MP: 2/2
   651 | D:1      | HP: 1/22 [goblin/+0 dagger (3)]
   651 | D:1      | Slain by a rat

Illustrated notes

Levels and vault maps discovered:
D:1:      dpeg_arrival_castle, layout_basic, minmay_misc_feat_doors

Action                   || total
-------------------------++-------
Melee: Long sword        ||    32
       Dagger            ||     2
Armor: Leather armour    ||    12
Dodge: Dodged            ||    31
